Map: [ESL] Hecate

Players

Harstem - Winner!

  • Race: Protoss Protoss
  • League: Grandmaster
  • Spawn Location: 7:00

LiquidClem (Clem)

  • Race: Terran Terran
  • League: Grandmaster
  • Spawn Location: 1:00

Event: HomeStory Cup XXIV

VOD

Have the link to the VOD?

Description

Time

  • Played on: Dec. 3, 2023, 11:44 a.m.
  • Length: 22:17

All games in this series

Show
View Real Time Build Order
Export as new Build Order

Harstem Protoss - Winner!

Build Orders: 1 Gate Expand, Phoenix Opening, Colossus Rush 

Get SALT Encoding   

  12  0:00  Probe  
  13  0:12  Probe  
  14  0:18  Pylon  
  14  0:24  Probe (Chrono Boost)  
  15  0:36  Probe (Chrono Boost)  
  15  0:37  Gateway  
  16  0:45  Probe (Chrono Boost)  
  16  0:46  Assimilator  
  17  0:51  Probe  
  18  1:03  Probe  
  19  1:18  Nexus  
  19  1:28  Cybernetics Core  
  19  1:31  Probe  
  20  1:36  Assimilator  
  20  1:43  Probe  
  20  1:45  Pylon  
  21  1:56  Probe  
  22  2:01  Adept (Chrono Boost)  
  22  2:08  Probe  
  25  2:12  Shield Battery  
  25  2:22  Stargate  
  26  2:26  Stalker  
  26  2:28  Probe  
  27  2:31  Probe (Chrono Boost)  
  28  2:40  Probe (Chrono Boost), Warp Gate  
  28  2:43  Probe (Chrono Boost)  
  30  2:50  Probe (Chrono Boost)  
  32  2:51  Probe (Chrono Boost)  
  32  2:55  Probe (Chrono Boost)  
  32  2:58  Probe  
  34  3:06  Probe, Phoenix  
  34  3:10  Probe  
  38  3:18  Pylon  
  38  3:19  Probe  
  39  3:22  Probe  
  40  3:31  Phoenix, Probe  
  40  3:32  Robotics Facility  
  42  3:46  Probe (Chrono Boost)  
  42  3:47  Probe (Chrono Boost)  
  40  3:57  Phoenix  
  40  3:59  Probe x2 (Chrono Boost)  
  44  4:03  Assimilator  
  44  4:05  Assimilator  
  44  4:06  Probe x2 (Chrono Boost)  
  46  4:13  Probe  
  46  4:14  Probe  
  48  4:17  Pylon  
  48  4:22  Phoenix  
  50  4:26  Probe (Chrono Boost)  
  50  4:28  Observer, Probe (Chrono Boost)  
  53  4:35  Pylon  
  53  4:37  Probe (Chrono Boost)  
  55  4:39  Gateway  
  55  4:41  Probe (Chrono Boost)  
  55  4:42  Probe (Chrono Boost)  
  56  4:47  Robotics Bay  
  56  4:49  Probe  
  57  4:53  Probe  
  59  5:01  Probe  
  61  5:07  Nexus  
  61  5:11  Pylon  
  61  5:12  Immortal (Chrono Boost)  
  61  5:13  Probe  
  62  5:16  Probe  
  64  5:23  Phoenix  
  64  5:24  Observer  
  64  5:25  Probe  
  64  5:28  Observer  
  65  5:29  Probe  
  65  5:33  Sentry  
  68  5:37  Probe  
  68  5:41  Pylon, Colossus (Chrono Boost)  
  75  5:43  Probe  
  75  5:48  Phoenix  
  78  5:59  Pylon, Probe x2  
  78  6:01  Observer, Forge  
  80  6:10  Extended Thermal Lance  
  82  6:11  Probe x2  
  82  6:16  Shield Battery  
  82  6:18  Pylon  
  82  6:21  Phoenix  
  82  6:23  Probe x2  
  82  6:25  Colossus (Chrono Boost)  
  92  6:38  Photon Cannon  
  92  6:39  Probe  
  93  6:41  Probe x2  
  93  6:44  Protoss Ground Weapons Level 1 (Chrono Boost)  
  93  6:46  Shield Battery  
  95  6:49  Zealot  
  95  6:51  Probe  
  95  6:53  Probe  
  99  6:54  Shield Battery  
  99  6:55  Stalker  
  99  6:57  Observer  
  99  7:00  Pylon  
  97  7:06  Probe x2  
  97  7:08  Colossus (Chrono Boost), Phoenix (Chrono Boost), Probe  
  96  7:13  Twilight Council  
  104  7:18  Probe x2  
  104  7:20  Probe  
  107  7:24  Assimilator  
  107  7:26  Zealot x2, Pylon  
  111  7:32  Assimilator  
  111  7:42  Probe  
  107  7:45  Probe  
  107  7:49  Charge, Probe  
  108  7:53  Gateway, Phoenix  
  108  7:54  Probe  
  108  7:55  Gateway, Colossus (Chrono Boost)  
  108  7:57  Probe  
  118  7:58  Pylon  
  118  8:01  Probe  
  118  8:05  Pylon  
  119  8:06  Probe  
  118  8:15  Zealot x2  
  118  8:16  Probe  
  118  8:19  Phoenix  
  125  8:23  Probe  
  126  8:32  Observer, Gateway  
  126  8:35  Gateway  
  126  8:36  Templar Archives, Probe  
  126  8:40  Pylon  
  127  8:41  Protoss Ground Weapons Level 2 (Chrono Boost), Zealot x2, Shield Battery  
  131  8:49  Probe  
  131  8:50  Photon Cannon  
  132  8:59  Observer, Zealot x2, Pylon  
  136  9:06  Zealot x2  
  136  9:08  Observer (Chrono Boost)  
  141  9:11  Pylon  
  141  9:18  Nexus  
  141  9:20  Warp Prism (Chrono Boost)  
  141  9:22  Zealot x2  
  141  9:23  Probe  
  148  9:25  Probe  
  148  9:28  High Templar x2, Zealot  
  155  9:35  Archon  
  155  9:47  High Templar x2  
  155  9:48  Zealot  
  155  9:51  Probe  
  162  9:53  Pylon  
  162  9:57  Archon, Pylon  
  160  10:01  Zealot x2, Forge  
  160  10:03  Robotics Facility  
  160  10:04  Pylon  
  160  10:06  Pylon  
  164  10:10  Disruptor (Chrono Boost)  
  164  10:13  High Templar x2  
  172  10:17  Gateway x2  
  172  10:18  Archon  
  172  10:22  Zealot x4  
  138  10:44  Zealot x4  
  138  10:46  Blink (Chrono Boost)  
  138  10:47  Observer, Protoss Ground Weapons Level 3 (Chrono Boost)  
  144  10:50  Probe  
  144  10:55  Immortal (Chrono Boost)  
  142  10:59  Nexus  
  142  11:01  Observer (Chrono Boost)  
  143  11:06  Protoss Ground Armor Level 1 (Chrono Boost)  
  143  11:07  Shield Battery, Pylon  
  143  11:08  Photon Cannon  
  143  11:12  Sentry, Stalker x2  
  143  11:14  High Templar x2  
  153  11:19  Stalker  
  153  11:20  Archon, Stalker  
  153  11:25  Disruptor (Chrono Boost)  
  161  11:27  Probe  
  161  11:29  Shield Battery  
  161  11:30  Observer, Pylon  
  162  11:33  Probe  
  162  11:34  Pylon  
  162  11:39  Stalker x2  
  170  11:47  Stalker x3  
  170  11:49  Disruptor (Chrono Boost)  
  176  11:55  Disruptor (Chrono Boost)  
  176  12:00  Probe  
  181  12:02  Gateway, Probe  
  181  12:03  Gateway, Probe  
  181  12:06  Zealot  
  185  12:11  Disruptor (Chrono Boost)  
  185  12:12  Stalker x2  
  185  12:13  Stalker  
  195  12:18  Dark Shrine, Zealot  
  197  12:34  Stalker x3  
  197  12:44  Protoss Ground Armor Level 2 (Chrono Boost)  
  195  12:45  Stalker x2  
  195  12:48  Gateway  
  195  12:49  Gateway  
  199  12:53  Gateway  
  199  12:55  Gateway  
  199  13:01  Pylon  
  199  13:03  Pylon  
  195  13:24  Disruptor  
  193  13:28  Zealot x3  
  193  13:29  Zealot x2  
  193  13:32  Disruptor  
  197  13:38  Protoss Shields Level 1 (Chrono Boost), Stalker  
  195  13:50  Stalker x2  
  195  13:51  Probe  
  196  14:00  Disruptor  
  196  14:02  Observer, Stalker  
  200  14:13  Photon Cannon  
  200  14:14  Photon Cannon  
  200  14:15  Photon Cannon  
  200  14:16  Photon Cannon  
  194  14:19  Pylon, Stalker x3  
  194  14:20  Photon Cannon  
  200  14:25  Pylon  
  200  14:26  Shadow Stride (Chrono Boost)  
  200  14:28  Pylon  
  200  14:36  Photon Cannon  
  200  14:37  Photon Cannon  
  200  14:41  Photon Cannon, Pylon  
  198  14:51  Stalker  
  200  14:56  Nexus  
  200  14:57  Pylon  
  200  14:59  Robotics Facility  
  199  15:01  Robotics Facility  
  199  15:03  Stalker  
  197  15:07  Robotics Facility, Pylon  
  197  15:09  Zealot x3, Stalker  
  197  15:10  Zealot  
  197  15:12  Observer  
  181  15:15  Zealot x5, Stalker x2  
  181  15:17  Disruptor (Chrono Boost)  
  185  15:27  Stalker  
  186  15:31  Disruptor (Chrono Boost)  
  188  15:45  Dark Templar x4  
  188  15:48  Disruptor (Chrono Boost)  
  190  15:57  Zealot x5  
  200  16:04  Observer  
  196  16:24  Zealot x2, Stalker  
  198  16:39  Disruptor  
  195  17:00  Stalker x2  
  197  17:05  Protoss Shields Level 2, Photon Cannon  
  197  17:08  Photon Cannon x2  
  197  17:10  Photon Cannon  
  183  17:24  Stalker  
  183  17:25  Zealot x7, Stalker  
  183  17:27  Probe  
  200  17:30  Assimilator  
  200  17:32  Assimilator  
  200  17:33  Assimilator  
  200  17:35  Assimilator  
  200  17:40  Assimilator  
  200  17:42  Assimilator  
  194  17:52  Disruptor  
  194  17:54  Zealot  
  194  18:03  Disruptor  
  192  18:08  Zealot x5  
  192  18:16  Zealot x2, Stalker  
  192  18:17  Zealot x3  
  192  18:19  Disruptor  
  190  18:32  Zealot x2  
  190  18:33  Zealot x5  
  196  18:40  Stalker  
  196  18:41  Stalker  
  200  18:53  Protoss Ground Armor Level 3  
  194  19:03  Disruptor  
  194  19:04  Disruptor  
  194  19:06  Observer  
  196  19:13  Zealot  
  196  19:14  Zealot x7  
  184  19:20  Stalker x5  
  184  19:21  Disruptor x2  
  192  19:28  Disruptor  
  186  19:36  Zealot x6  
  198  19:45  Stalker x5  
  186  20:12  Nexus, Pylon  
  160  20:14  Disruptor  
  160  20:15  Stalker x2  
  160  20:16  Zealot x11, Disruptor  
  184  20:38  Stalker  
  184  20:39  Stalker x8  
  190  20:44  Nexus, Disruptor  
  190  20:48  Dark Templar  
  190  20:49  Zealot x3  
  188  21:02  Zealot x9  
  185  21:18  Disruptor  
  175  21:47  Stalker x5  
  175  21:49  Stalker  
Show
View Real Time Build Order
Export as new Build Order

LiquidClem Terran 

Build Orders:  

Get SALT Encoding   

  12  0:00  SCV  
  13  0:12  SCV  
  14  0:17  Supply Depot  
  14  0:24  SCV  
  15  0:38  SCV  
  15  0:40  Barracks  
  16  0:43  Refinery  
  16  0:50  SCV  
  16  0:52  Refinery  
  17  1:02  SCV  
  18  1:14  SCV  
  19  1:27  Orbital Command, Reaper  
  19  1:29  Supply Depot  
  20  1:40  Factory  
  20  1:53  SCV  
  21  1:59  Reaper  
  22  2:02  Bunker  
  22  2:05  SCV  
  23  2:20  SCV  
  24  2:25  Hellion  
  26  2:31  Reaper  
  26  2:35  Command Center, SCV  
  27  2:38  Supply Depot  
  27  2:45  Starport  
  27  2:51  Hellion  
  29  2:53  SCV  
  30  3:05  SCV  
  31  3:11  Barracks Reactor  
  31  3:12  Widow Mine  
  33  3:17  SCV  
  34  3:29  Barracks, Medivac, SCV  
  37  3:38  Cyclone  
  38  3:41  SCV  
  38  3:48  Marine x2  
  37  3:51  Orbital Command  
  37  3:53  SCV  
  38  4:03  Supply Depot  
  38  4:05  SCV  
  38  4:06  Viking, Marine x2  
  43  4:12  Barracks  
  43  4:16  SCV  
  44  4:18  SCV  
  44  4:20  Barracks Tech Lab  
  45  4:24  Marine  
  45  4:25  Marine  
  45  4:29  SCV  
  45  4:30  SCV  
  49  4:33  Engineering Bay  
  49  4:38  Stimpack  
  49  4:40  Factory Tech Lab  
  49  4:41  SCV  
  49  4:42  Marine  
  49  4:44  SCV  
  52  4:48  Supply Depot  
  52  4:52  Marine x2  
  52  4:53  SCV  
  52  4:57  Supply Depot  
  55  5:01  SCV  
  55  5:04  Terran Infantry Weapons Level 1  
  55  5:05  SCV, Marine  
  55  5:06  Factory Reactor  
  58  5:07  Marine  
  58  5:09  Combat Shield  
  58  5:14  SCV  
  60  5:15  Marine x2  
  60  5:16  Starport Reactor  
  60  5:20  Supply Depot  
  62  5:21  SCV  
  62  5:26  Marauder  
  63  5:28  Supply Depot, SCV  
  63  5:31  Marauder  
  66  5:35  SCV  
  66  5:37  Missile Turret, Refinery  
  66  5:39  Marine  
  66  5:40  Marine  
  69  5:43  Missile Turret  
  69  5:47  SCV x2  
  71  5:50  Refinery  
  71  5:53  Marauder  
  71  5:54  Marauder  
  71  5:56  Widow Mine  
  77  5:59  SCV  
  77  6:00  SCV  
  77  6:02  Medivac  
  81  6:06  Widow Mine  
  81  6:08  Supply Depot  
  81  6:09  Marine x2  
  85  6:14  Marauder  
  85  6:16  Medivac  
  85  6:18  Supply Depot  
  89  6:19  Marauder  
  91  6:27  Marine x2  
  91  6:29  Concussive Shells  
  93  6:35  Command Center  
  93  6:39  Marauder  
  95  6:40  Supply Depot  
  95  6:43  Armory  
  95  6:45  SCV x2  
  97  6:48  Marine x2  
  97  6:52  Marauder  
  97  6:54  Widow Mine  
  103  6:57  Medivac  
  103  6:59  Widow Mine  
  103  7:03  Marauder  
  103  7:06  SCV x2  
  105  7:09  Marine x2  
  105  7:13  Marauder, Supply Depot  
  105  7:14  Terran Infantry Armor Level 1  
  109  7:18  SCV  
  110  7:24  Barracks  
  110  7:27  Marauder  
  110  7:28  Barracks  
  110  7:29  Widow Mine  
  113  7:30  Widow Mine  
  113  7:34  Medivac  
  113  7:35  Medivac  
  113  7:36  Marine  
  114  7:46  Marauder, SCV x2  
  114  7:48  Marine  
  114  7:50  Widow Mine  
  117  7:54  Marine, Marauder  
  117  7:58  SCV x2  
  117  8:00  Supply Depot  
  117  8:01  Orbital Command  
  117  8:03  Widow Mine  
  119  8:06  Marine  
  119  8:09  Marauder  
  119  8:10  SCV  
  123  8:14  SCV  
  123  8:15  Barracks Tech Lab, Marauder  
  123  8:17  Barracks Tech Lab  
  123  8:18  Widow Mine  
  123  8:19  Viking  
  128  8:21  Viking  
  128  8:23  SCV  
  128  8:27  SCV x2  
  130  8:29  Supply Depot  
  130  8:31  Ghost Academy  
  131  8:35  Marauder  
  131  8:36  Marine  
  131  8:37  SCV  
  131  8:39  SCV  
  131  8:40  SCV  
  141  8:41  Marine, Widow Mine x2  
  141  8:46  Supply Depot  
  141  8:48  Marine  
  138  8:49  SCV  
  138  8:51  SCV  
  138  8:52  Supply Depot, SCV, Refinery  
  140  8:57  Engineering Bay  
  140  8:59  Ghost x2  
  140  9:00  Ghost  
  140  9:01  SCV  
  147  9:03  Supply Depot  
  147  9:05  Viking  
  147  9:08  Viking  
  151  9:12  Marine x2  
  151  9:14  Marauder, Refinery  
  154  9:21  Supply Depot  
  154  9:27  Terran Infantry Weapons Level 2  
  154  9:28  SCV, Marine  
  154  9:29  Marauder  
  158  9:32  Missile Turret  
  158  9:34  Command Center  
  158  9:37  Ghost  
  160  9:42  Viking, Supply Depot  
  155  9:46  Viking  
  155  9:49  Bunker  
  155  9:50  Supply Depot, Marine x2  
  157  9:55  Ghost  
  157  9:58  Widow Mine x2  
  162  10:01  SCV x3  
  162  10:05  Supply Depot  
  165  10:08  Terran Infantry Armor Level 2  
  165  10:09  Marine x2  
  165  10:13  Marauder, SCV x2  
  171  10:15  Marauder  
  171  10:20  Viking  
  171  10:21  Viking  
  177  10:24  Widow Mine  
  177  10:27  Marauder  
  177  10:32  Marine  
  158  10:39  Widow Mine  
  158  10:40  Marine  
  109  10:43  Marauder  
  109  10:44  SCV, Marine x2  
  109  10:45  SCV  
  109  10:46  Widow Mine  
  109  10:47  SCV  
  109  10:48  Marine  
  116  10:50  Viking, Marine  
  116  10:52  Viking  
  116  10:56  SCV  
  121  10:57  SCV  
  121  10:58  Marine  
  121  10:59  SCV  
  121  11:02  Marauder  
  128  11:04  Widow Mine  
  128  11:06  Ghost  
  128  11:08  Widow Mine, Marine  
  128  11:09  SCV  
  134  11:12  Reaper  
  134  11:13  Ghost  
  134  11:15  SCV  
  134  11:16  SCV  
  139  11:20  Viking  
  139  11:23  Planetary Fortress  
  139  11:24  SCV  
  142  11:26  Viking  
  142  11:27  SCV  
  142  11:29  Marine  
  142  11:30  Marine  
  142  11:32  SCV  
  148  11:34  Marauder  
  148  11:36  SCV, Marauder  
  154  11:40  SCV  
  154  11:43  Refinery  
  154  11:44  SCV, Refinery  
  155  11:48  Marauder x2  
  155  11:49  Sensor Tower, Marine x2  
  155  11:51  SCV  
  155  11:52  SCV  
  163  11:56  SCV  
  163  11:58  Terran Infantry Weapons Level 3  
  163  11:59  SCV  
  165  12:03  Viking, SCV  
  165  12:04  SCV  
  165  12:08  Marauder x2, SCV  
  174  12:10  Marine x2  
  174  12:12  Marauder  
  174  12:13  Marauder  
  180  12:20  Command Center  
  180  12:27  Viking  
  180  12:28  Marine  
  180  12:29  Ghost, Marine  
  186  12:38  Barracks  
  186  12:40  Barracks  
  186  12:42  Barracks  
  186  12:45  SCV, Marauder x2, Starport  
  186  12:49  Terran Infantry Armor Level 3  
  191  12:51  Terran Ship Weapons Level 1  
  191  12:56  Marauder  
  191  12:57  Missile Turret  
  193  12:59  Sensor Tower  
  193  13:02  Medivac x2  
  193  13:04  Marine x2  
  197  13:06  Marauder  
  197  13:10  Marine  
  198  13:16  Ghost  
  198  13:17  Marine  
  189  13:23  Marine  
  189  13:24  Marine  
  192  13:27  Marauder  
  192  13:28  Marauder  
  193  13:35  Liberator  
  193  13:36  Command Center  
  193  13:38  Barracks Tech Lab x3  
  193  13:39  Fusion Core, Liberator  
  198  13:59  Missile Turret  
  198  14:00  Sensor Tower, Medivac x2  
  198  14:02  Marauder, Marine x2  
  197  14:03  Refinery x2  
  197  14:06  Marine  
  197  14:14  Starport  
  197  14:16  Marine  
  198  14:21  Planetary Fortress  
  198  14:33  Marauder  
  198  14:39  Marine  
  198  14:43  Marauder  
  198  14:46  Marine, Marauder x2  
  198  14:50  Marine x2  
  199  14:55  Starport Reactor  
  198  15:00  Command Center  
  198  15:02  Orbital Command  
  198  15:05  Liberator  
  198  15:06  Marauder  
  199  15:07  Marine  
  198  15:20  Marauder  
  197  15:22  Marauder  
  197  15:23  Terran Ship Weapons Level 2  
  197  15:24  Advanced Ballistics, Marine  
  197  15:26  Personal Cloaking  
  200  15:34  Command Center, Missile Turret  
  200  15:35  Sensor Tower, Command Center  
  200  15:47  Missile Turret  
  200  15:49  Marine  
  191  15:50  Liberator, Marine  
  191  15:51  Marauder x3, Marine  
  194  16:12  SCV  
  194  16:13  SCV  
  194  16:15  SCV  
  194  16:16  Missile Turret  
  194  16:20  SCV  
  194  16:23  Marauder  
  195  16:29  Liberator  
  195  16:30  SCV  
  195  16:31  Marauder  
  200  16:34  Liberator  
  200  16:36  Caduceus Reactor, Liberator  
  200  16:37  Marauder, Marine x2  
  200  16:39  Marine  
  189  16:41  SCV, Marauder x2  
  189  16:43  SCV  
  189  16:46  SCV  
  197  16:49  Liberator  
  197  16:52  Marauder  
  200  16:55  Marine  
  200  16:58  Ghost, Marine x2  
  200  16:59  Liberator x2, Marine x2  
  193  17:02  Marine  
  193  17:03  Marauder  
  196  17:12  Liberator  
  196  17:14  Marauder  
  199  17:19  Orbital Command  
  199  17:21  Marine  
  199  17:22  Ghost, Marine  
  194  17:27  Liberator  
  194  17:28  SCV  
  194  17:29  Sensor Tower  
  199  17:32  Marine  
  200  17:48  Marine  
  197  17:53  Liberator  
  197  17:58  Orbital Command  
  197  18:02  Ghost  
  197  18:06  Liberator  
  200  18:17  SCV, Marauder x2  
  167  18:20  Liberator  
  167  18:23  SCV x2  
  167  18:24  Ghost  
  167  18:25  Ghost, Marine  
  167  18:26  Liberator, Marine  
  174  18:27  Liberator  
  174  18:28  Liberator  
  174  18:32  Marauder, Marine x2  
  174  18:33  SCV  
  177  18:36  Liberator, Missile Turret  
  177  18:38  Marine x2  
  172  18:43  Marine  
  172  18:44  SCV, Marine  
  172  18:47  SCV  
  176  18:49  Liberator, SCV  
  176  18:50  SCV, Marauder x2  
  176  18:53  Marine  
  176  18:54  Marauder x2  
  188  18:55  Marine  
  188  18:56  Ghost  
  188  19:00  Orbital Command, SCV  
  189  19:03  Liberator  
  189  19:06  Orbital Command  
  185  19:11  Ghost x3  
  185  19:12  Marine  
  185  19:14  Marauder  
  185  19:15  Marauder  
  183  19:18  SCV  
  183  19:20  SCV  
  183  19:21  SCV x2  
  184  19:26  SCV x2  
  184  19:28  Liberator  
  184  19:30  Marauder  
  187  19:41  Marine  
  187  19:43  Marauder  
  187  19:44  Liberator, Marine x2  
  187  19:45  Liberator  
  182  19:47  Marauder  
  182  19:48  Marine  
  182  19:51  Marauder  
  183  19:54  Marauder  
  182  20:02  SCV  
  172  20:08  Marine  
  172  20:09  Marauder  
  172  20:11  Liberator x2  
  147  20:16  SCV  
  147  20:18  SCV  
  147  20:19  Orbital Command  
  149  20:22  SCV  
  149  20:26  SCV  
  151  20:32  Marine  
  150  20:38  Orbital Command, Marine  
  150  20:39  Marine  
  149  20:42  Marine  
  149  20:45  Marine  
  149  20:48  Marine  
  150  20:51  Marauder  
  144  21:00  Ghost  
  134  21:05  Ghost  
  134  21:06  Marine  
  129  21:16  Marine, Marauder  
  125  21:19  Marauder, Marine x2  
  125  21:24  Orbital Command, Marauder  
  131  21:30  Marauder  
  133  21:36  Ghost  
  133  21:37  Marauder  
  127  21:41  Marine  
Tags
 
Add a new tag
Caveats
  • Supply blocks, unpowered buildings, or Contaminate may cause inaccurate times.
  • Supply counts are checked every 10 seconds.